 Dungeon Crawl Stone Soup version 0.26-a0-859-gf57989e088 (webtiles) character file.

Game seed: 17023525088712661379

112 Morbidden the Conjurer (level 4, 0/22 HPs)
             Began as a Vine Stalker Conjurer on Nov 25, 2020.
             Slain by Ijyb
             ... wielding a +2 dagger of freezing
              (2 damage)
             ... on level 3 of the Dungeon.
             The game lasted 00:04:14 (2705 turns).

Morbidden the Conjurer (Vine Stalker Conjurer)      Turns: 2705, Time: 00:04:14

Health: 0/22       AC:  0    Str: 10    XL:     4   Next: 93%
Magic:  0/9        EV: 11    Int: 25    God:
Gold:   108        SH:  0    Dex: 12    Spells: 6/9 levels left

rFire    . . .     SeeInvis .   e - +2 war axe (elec)
rCold    . . .     Faith    .   (no shield)
rNeg     . . .     Spirit   +   a - +0 robe
rPois    .         Reflect  .   (no helmet)
rElec    .         Harm     .   (no cloak)
rCorr    .         Rampage  .   (no gloves)
MR       .....                  j - +1 pair of boots
Stlth    ++........             (no amulet)
HPRegen  0.47/turn              h - +6 ring of intelligence
MPRegen  0.11/turn              (no ring)

@: corroded, heavily drained
A: fangs 2, regeneration 1, magic shield, antimagic bite, no potion heal 3, rot
immunity
a: no special abilities


You were on level 3 of the Dungeon.
You visited 1 branch of the dungeon, and saw 3 of its levels.

You collected 108 gold pieces.

Inventory:

Hand Weapons
 e - a +2 war axe of electrocution (weapon)
Missiles
 l - 6 poisoned darts (quivered)
Armour
 a - a +0 robe (worn)
 j - a +1 pair of boots (worn)
Jewellery
 h - a +6 ring of intelligence (left hand)
Scrolls
 b - 3 scrolls of identify {unknown}
 c - 3 scrolls of remove curse
 d - a scroll of magic mapping {unknown}
 i - a scroll of teleportation {unknown}
 n - a scroll of fog {unknown}
Potions
 g - 2 potions of attraction {unknown}
 k - a potion of lignification {unknown}
 m - a potion of magic {unknown}


   Skills:
 * Level 1.2(0.1) Fighting
 + Level 1.6(0.5) Dodging
 + Level 2.6(1.4) Stealth
 * Level 3.2(2.0) Spellcasting
 + Level 5.1(3.8) Conjurations


You had 6 spell levels left.
You knew the following spells:

 Your Spells              Type           Power        Failure   Level
a - Magic Dart            Conj           ###.         2%          1
b - Searing Ray           Conj           ###...       3%          2

Your spell library contained the following spells:

 Spells                   Type           Power        Failure   Level
 Dazzling Flash           Conj/Hex       ##....       16%         3
 Fulminant Prism          Conj/Hex       ##........   45%         4
 Iskenderun's Mystic Bla  Conj/Tloc      ##......     45%         4


Dungeon Overview and Level Annotations

Branches:
Dungeon (2/15)

Altars:
Kikubaaqudgha
The Shining One

Annotations:
D:3 Ijyb


Innate Abilities, Weirdness & Mutations

You have extremely sharp teeth.
Your natural rate of healing is unusually fast.
When hurt, damage is shared between your health and your magic reserves.
Your bite disrupts and absorbs the magic of your enemies.
Potions cannot restore your health.
You are immune to rotting.


Message History

You hear a shout!
Casting: Magic Dart (safe; 2% risk of failure)
Confirm with . or Enter, or press ? or * to list all spells.
Aiming: Searing Ray (safe; 3% risk of failure)
Press: ? - help, Shift-Dir - straight line, f - Ijyb
Aim: Ijyb, wielding a +2 dagger of freezing, wearing a +2 leather armour of cold resistance and carrying a wand of acid (9)
The searing ray misses Ijyb. (Press . to maintain the ray.)
The searing ray hits Ijyb!
Ijyb is moderately wounded.
Ijyb zaps a wand.
The bolt of acid hits you! The acid corrodes you!
You are splashed with acid!
* * * LOW HITPOINT WARNING * * *
The searing ray hits Ijyb.
Ijyb is heavily wounded.
Without enough magic to sustain it, your searing ray dissipates.
Ijyb hits you with a +2 dagger of freezing.
* * * LOW HITPOINT WARNING * * *
Ijyb freezes you.
You die...

############ ###...@g......
#####....####.)##.
#........# # #.###....####.
#..........#
#..........##..#..........#
#..##.#.##.##..#..........#
#..##......# >.............
#..####.#..# ...... .......
#.....#.#...##.##.####.#.##


You could see Ijyb.

Vanquished Creatures
  Jessica (D:2)
  An adder (D:3)
  2 worms (D:2)
  3 dart slugs
  2 leopard geckos
  4 orcs (D:3)
  3 bats
  4 giant cockroaches
  8 goblins
  3 hobgoblins
  3 jackals (D:3)
  13 kobolds
  6 frilled lizards
  6 rats
59 creatures vanquished.

Notes
Turn   | Place    | Note
-------+----------+-------------------------------------------
     0 | D:1      | Morbidden the Vine Stalker Conjurer began the quest for the
                  | Orb.
     0 | D:1      | Reached XP level 1. HP: 9/9 MP: 4/4
   319 | D:1      | Reached XP level 2. HP: 13/13 MP: 3/6
   895 | D:1      | Reached XP level 3. HP: 17/17 MP: 2/7
  1120 | D:1      | Learned a level 2 spell: Searing Ray
  1494 | D:2      | Found an ancient bone altar of Kikubaaqudgha.
  1494 | D:2      | Noticed Jessica
  1498 | D:2      | Killed Jessica
  1499 | D:2      | Reached skill level 1 in Fighting
  1499 | D:2      | Gained mutation: Your natural rate of healing is unusually
                  | fast. [Vine Stalker growth]
  1499 | D:2      | Reached XP level 4. HP: 22/22 MP: 3/9
  1937 | D:2      | Reached skill level 5 in Conjurations
  1949 | D:2      | You fall into a shaft and drop 1 floor!
  1959 | D:3      | Found a glowing golden altar of the Shining One.
  2337 | D:3      | HP: 1/22 [orc/+0 hand axe (2)]
  2698 | D:3      | Noticed Ijyb
  2705 | D:3      | Slain by Ijyb

Illustrated notes

Levels and vault maps discovered:
D:1:      matt_arrival_spirals, layout_basic, minmay_misc_feat_room, st_stairs_6
D:2:      layout_basic, lemuel_statue_altar, uniq_jessica
D:3:      layout_basic, tso_metal_star, uniq_ijyb

Skill      XL: |  1  2  3  4 |
---------------+-------------+-----
Fighting       | 1 |  1.2
Conjurations   | 5 |  5.1
Spellcasting   | 3 |  3.2
Dodging        | |  1.6
Stealth        | |  2.6

Action                   |  1- 3 |  4- 6 || total
-------------------------+-------+-------++-------
Melee: Unarmed           |     2 |       ||     2
       Dagger            |       |     3 ||     3
       Bite              |       |     1 ||     1
 Cast: Magic Dart        |    59 |    64 ||   123
       Searing Ray       |       |     4 ||     4
  Use: Scroll            |       |     1 ||     1
       Potion            |       |     1 ||     1
Armor: Robe              |       |     1 ||     1
Dodge: Dodged            |     4 |    16 ||    20

Table legend: (Time is in decaauts)
 A = Elapsed time spent in this place.
 B = Non-inter-level travel time spent in this place.
 C = Inter-level travel time spent in this place.
 D = Time resting spent in this place.
 E = Time spent auto-exploring this place.
 F = Levels seen in this place.
 G = Mean time per level.
                   A        B        C        D        E       F      G
               +--------+--------+--------+--------+--------+-----+--------+
         Total |   2702 |   2666 |     36 |    287 |   2038 |   3 |  900.7 |
       Dungeon |   2702 |   2666 |     36 |    287 |   2038 |   3 |  900.7 |
               +--------+--------+--------+--------+--------+-----+--------+

Top non-repeatable levels by time:
     D:1: 1400 daAuts
     D:3: 754 daAuts
     D:2: 548 daAuts
